 Dungeon Crawl Stone Soup version 0.21.1-1-g345015f (webtiles) character file.

127 microfolk the Charmwright (level 5, 0/43 HPs)
             Began as a Gnoll Skald on Feb 12, 2018.
             Slain by microfolk's ghost (5 damage)
             ... on level 4 of the Dungeon.
             The game lasted 00:06:27 (2888 turns).

microfolk the Charmwright (Gnoll Skald)             Turns: 2888, Time: 00:06:28

Health: 0/43       AC:  7    Str: 14    XL:     5   Next: 11%
Magic:  11/12      EV: 11    Int: 15    God:
Gold:   141        SH:  0    Dex: 15    Spells: 3/14 levels left

rFire    . . .     SeeInvis .   a - +1 whip (elec)
rCold    . . .     Gourm    .   (no shield)
rNeg     . . .     Faith    .   e - +1 scale mail
rPois    .         Spirit   .   (no helmet)
rElec    .         Reflect  .   (no cloak)
rCorr    .         Harm     .   (no gloves)
MR       .....                  (no boots)
Stlth    ..........             (no amulet)
HPRegen  0.14/turn              (no ring)
MPRegen  0.13/turn              (no ring)

@: no status effects
A: distributed training, fangs 1, strong nose
a: no special abilities


You were on level 4 of the Dungeon.
You were hungry.

You visited 1 branch of the dungeon, and saw 4 of its levels.

You collected 141 gold pieces.

Inventory:

Hand Weapons
 a - a +1 whip of electrocution (weapon)
 b - a +0 blowgun
 i - a +0 spear
Missiles
 f - 35 stones
 g - 7 javelins (quivered)
 u - 9 curare-tipped needles
Armour
 e - a +1 scale mail (worn)
 v - a +0 leather armour
Wands
 x - a wand of disintegration (14)
Scrolls
 j - a scroll of remove curse
 k - 3 scrolls of identify
 l - a scroll of fog
 m - a scroll of fear
 n - 4 scrolls of teleportation
 q - 2 scrolls of enchant armour
Potions
 h - 2 potions of curing
 p - a potion of flight
 r - a potion of degeneration {unknown}
 s - a potion of invisibility {unknown}
 w - a potion of agility {unknown}
 z - a potion of heal wounds {unknown}
Books
 c - a book of Battle

   Spells                             Type                      Level
   a - Infusion                       Charms                       1
   b - Shroud of Golubria             Charms/Translocation         2
   c - Song of Slaying                Charms                       2
   d - Spectral Weapon                Hexes/Charms                 3
   e - Regeneration                   Charms/Necromancy            3
Comestibles
 d - 5 rations
 o - a chunk of flesh


   Skills:
 + Level 4.7 Fighting
 + Level 1.3 Short Blades
 + Level 1.3 Long Blades
 + Level 1.3 Axes
 + Level 1.3 Maces & Flails
 + Level 4.7 Polearms
 + Level 1.3 Staves
 + Level 1.3 Slings
 + Level 1.3 Bows
 + Level 1.3 Crossbows
 + Level 1.3 Throwing
 + Level 2.8 Armour
 + Level 4.7 Dodging
 + Level 1.3 Stealth
 + Level 1.3 Shields
 + Level 1.3 Unarmed Combat
 + Level 5.1 Spellcasting
 + Level 1.0 Conjurations
 + Level 1.0 Hexes
 + Level 5.5 Charms
 + Level 1.0 Summonings
 + Level 1.0 Necromancy
 + Level 1.0 Translocations
 + Level 1.0 Transmutations
 + Level 1.0 Fire Magic
 + Level 1.0 Ice Magic
 + Level 1.0 Air Magic
 + Level 1.0 Earth Magic
 + Level 1.0 Poison Magic
 + Level 1.4 Invocations
 + Level 1.3 Evocations


You had 3 spell levels left.
You knew the following spells:

 Your Spells              Type           Power        Failure   Level  Hunger
a - Infusion              Chrm           ###.         7%          1    None
b - Song of Slaying       Chrm           ###.....     10%         2    ##.....
c - Shroud of Golubria    Chrm/Tloc      ##........   26%         2    ##.....
d - Regeneration          Chrm/Necr      ##........   45%         3    ###....
e - Spectral Weapon       Hex/Chrm       ##......     45%         3    ###....


Dungeon Overview and Level Annotations

Branches:
Dungeon (4/15)
 Temple: D:4-7

Altars:
Cheibriados
Nemelex Xobeh
Vehumet
Zin

Annotations:
D:4 microfolk's ghost, amateur GnSk


Innate Abilities, Weirdness & Mutations

Your experience applies equally to all skills.
You have very sharp teeth.
Your uncanny sense of smell can sniff out nearby items.


Message History

Microfolk's ghost is almost destroyed.
Microfolk's ghost closely misses you.
You barely miss microfolk's ghost.
Microfolk's ghost is almost destroyed.
Microfolk's ghost hits you!
* * * LOW HITPOINT WARNING * * *
You hit microfolk's ghost but do no damage.
You bite microfolk's ghost, but do no damage.
Microfolk's ghost is almost destroyed.
Microfolk's ghost hits you but does no damage.
You hit microfolk's ghost but do no damage.
You punch microfolk's ghost, but do no damage.
Microfolk's ghost is almost destroyed.
Microfolk's ghost hits you but does no damage.
Microfolk's ghost hits you.
* * * LOW HITPOINT WARNING * * *
You closely miss microfolk's ghost.
Microfolk's ghost is almost destroyed.
Microfolk's ghost hits you.
You die...

#......
..... .....
... ... ...
... ... #l#
#.# #W# #.#
#@# #.# #(#
#.# ∆ #.#
#<##### ∆ #
#.# ##.....#
.# ######.#
#......###..
#......#
#..###.....
#.######
#..+ #..###
#.#
#..###....#
#.#
#......#.##


You could see microfolk's ghost, a frilled lizard and a friendly spectral whip
of electrocution.

Vanquished Creatures
  3 adders
  An ooze (D:3)
  An adder skeleton (D:3)
  A worm (D:2)
  4 dart slugs
  2 leopard geckos
  2 orcs (D:3)
  A ball python (D:1)
  A giant cockroach (D:2)
  7 goblins
  5 hobgoblins
  11 jackals
  13 kobolds
  A quokka (D:3)
  12 bats
  2 frilled lizards (D:3)
  A leopard gecko skeleton (D:3)
  6 rats
74 creatures vanquished.

Notes
Turn   | Place    | Note
-------+----------+-------------------------------------------
     0 | D:1      | microfolk the Gnoll Skald began the quest for the Orb.
     0 | D:1      | Reached XP level 1. HP: 20/20 MP: 6/6
   202 | D:1      | Reached XP level 2. HP: 22/26 MP: 1/7
   216 | D:1      | Learned a level 2 spell: Song of Slaying
   219 | D:1      | Learned a level 2 spell: Shroud of Golubria
   821 | D:1      | Reached XP level 3. HP: 31/31 MP: 9/9
   826 | D:1      | Learned a level 3 spell: Regeneration
   830 | D:1      | Learned a level 3 spell: Spectral Weapon
  1203 | D:2      | Reached skill level 5 in Spellcasting
  1454 | D:2      | Reached skill level 1 in Invocations
  1584 | D:2      | Reached skill level 1 in Short Blades
  1584 | D:2      | Reached skill level 1 in Long Blades
  1584 | D:2      | Reached skill level 1 in Axes
  1584 | D:2      | Reached skill level 1 in Maces & Flails
  1584 | D:2      | Reached skill level 1 in Staves
  1584 | D:2      | Reached skill level 1 in Slings
  1584 | D:2      | Reached skill level 1 in Bows
  1584 | D:2      | Reached skill level 1 in Crossbows
  1584 | D:2      | Reached skill level 1 in Throwing
  1584 | D:2      | Reached skill level 1 in Stealth
  1584 | D:2      | Reached skill level 1 in Shields
  1584 | D:2      | Reached skill level 1 in Unarmed Combat
  1584 | D:2      | Reached skill level 1 in Evocations
  1691 | D:2      | Found a radiant altar of Vehumet.
  1693 | D:2      | Found a glowing silver altar of Zin.
  1750 | D:2      | Reached XP level 4. HP: 38/38 MP: 11/11
  2122 | D:3      | Found a sparkling altar of Nemelex Xobeh.
  2225 | D:3      | Reached skill level 1 in Conjurations
  2225 | D:3      | Reached skill level 1 in Hexes
  2225 | D:3      | Reached skill level 1 in Summonings
  2225 | D:3      | Reached skill level 1 in Necromancy
  2225 | D:3      | Reached skill level 1 in Translocations
  2225 | D:3      | Reached skill level 1 in Transmutations
  2225 | D:3      | Reached skill level 1 in Fire Magic
  2225 | D:3      | Reached skill level 1 in Ice Magic
  2225 | D:3      | Reached skill level 1 in Air Magic
  2225 | D:3      | Reached skill level 1 in Earth Magic
  2225 | D:3      | Reached skill level 1 in Poison Magic
  2400 | D:3      | Reached XP level 5. HP: 34/43 MP: 5/12
  2526 | D:3      | Found a snail-covered altar of Cheibriados.
  2792 | D:4      | Noticed a phantom
  2868 | D:4      | Noticed microfolk's ghost (amateur GnSk)
  2888 | D:4      | Slain by microfolk's ghost

Skill      XL: |  1  2  3  4 |
---------------+-------------+-----
Spellcasting   | 5 |  5.1
Invocations    | 1 |  1.4
Short Blades   | 1 |  1.3
Long Blades    | 1 |  1.3
Axes           | 1 |  1.3
Maces & Flails | 1 |  1.3
Staves         | 1 |  1.3
Slings         | 1 |  1.3
Bows           | 1 |  1.3
Crossbows      | 1 |  1.3
Throwing       | 1 |  1.3
Stealth        | 1 |  1.3
Shields        | 1 |  1.3
Unarmed Combat | 1 |  1.3
Evocations     | 1 |  1.3
Conjurations   | 1 |  1.0
Hexes          | 1 |  1.0
Summonings     | 1 |  1.0
Necromancy     | 1 |  1.0
Translocations | 1 |  1.0
Transmutations | 1 |  1.0
Fire Magic     | 1 |  1.0
Ice Magic      | 1 |  1.0
Air Magic      | 1 |  1.0
Earth Magic    | 1 |  1.0
Poison Magic   | 1 |  1.0
Fighting       | |  4.7
Polearms       | |  4.7
Armour         | |  2.8
Dodging        | |  4.7
Charms         | |  5.5

Action                   |  1- 3 |  4- 6 || total
-------------------------+-------+-------++-------
Melee: Spear             |    45 |       ||    45
       Bite              |     9 |     9 ||    18
       Whip              |    78 |   131 ||   209
       Punch             |       |     1 ||     1
 Cast: Infusion          |     5 |     4 ||     9
       Shroud of Golubri |       |     1 ||     1
       Spectral Weapon   |       |     1 ||     1
  Use: Scroll            |       |     9 ||     9
       Potion            |       |     2 ||     2
  Eat: Chunk             |     3 |     3 ||     6
Armor: Scale mail        |    41 |    56 ||    97
Dodge: Dodged            |    72 |    70 ||   142
